NCAA
OREGON STATE BEAVERS @ LONG BEACH STATE 49ERS
03/09/2060
 
TOP OF THE 1ST
Oregon State Beavers batting - Pitching for Long Beach State 49ers : RHP Phil Crutchfield
Pitching: RHP Phil Crutchfield
Batting: LHB Evan Garrettson 0-0: Ball
1-0: Ball
2-0: Ground out 4-3 (Groundball, 4, EV 104.4 MPH)
Batting: RHB Theo Prochazka 0-0: Called Strike
0-1: SOLO HOME RUN (Flyball, 9D, EV 97.5 MPH), Distance : 372 ft
Batting: RHB Zane Sirignano 0-0: Fly out, F8 (Flyball, 89XD, EV 87.5 MPH)
Batting: RHB Mike Walton 0-0: Called Strike
0-1: Ball
1-1: Ground out 6-3 (Groundball, 6M, EV 82.5 MPH)
Top of the 1st over - 1 run, 1 hit, 0 errors, 0 left on base; Oregon State 1 - Long Beach State 0
BOTTOM OF THE 1ST
Long Beach State 49ers batting - Pitching for Oregon State Beavers : RHP Jaden McCagg
Pitching: RHP Jaden McCagg
Batting: RHB Taylor Hughes 0-0: Hit by Pitch
Batting: LHB Harrison Cottrell 0-0: Ball
Taylor Hughes steals 2nd base
1-0: Called Strike
1-1: Fly out, F8 (Flyball, 8LD, EV 98.1 MPH)
Batting: LHB Kellen Todd 0-0: Called Strike
0-1: Ball
1-1: Swinging Strike
1-2: Strikes out swinging
Batting: RHB Jayson Artmann 0-0: Called Strike
0-1: Fly out, F9 (Flyball, 89D, EV 105.6 MPH)
Bottom of the 1st over - 0 runs, 0 hits, 0 errors, 1 left on base; Oregon State 1 - Long Beach State 0
TOP OF THE 2ND
Oregon State Beavers batting - Pitching for Long Beach State 49ers : RHP Phil Crutchfield
Batting: LHB Cole Williams 0-0: Called Strike
0-1: Ground out 5-3 (Groundball, 56, EV 101.9 MPH)
Batting: RHB Karsten Holland 0-0: Ball
1-0: Called Strike
1-1: Ball
2-1: Foul Ball, location: 2F
2-2: Foul Ball, location: 2F
2-2: Ball
3-2: Base on Balls
Batting: SHB Shelton Kondo 0-0: Called Strike
0-1: Called Strike
0-2: Ball
1-2: Ball
2-2: Fly out, F8 (Line Drive, 8LM, EV 91.2 MPH)
Batting: RHB Cristian Davidson 0-0: Ball
1-0: Ground out 5-3 (Groundball, 56S, EV 74.4 MPH)
Top of the 2nd over - 0 runs, 0 hits, 0 errors, 1 left on base; Oregon State 1 - Long Beach State 0
BOTTOM OF THE 2ND
Long Beach State 49ers batting - Pitching for Oregon State Beavers : RHP Jaden McCagg
Batting: RHB Ferd Chamberlain 0-0: Called Strike
0-1: Called Strike
0-2: Ball
1-2: Fly out, F8 (Flyball, 8LM, EV 86.9 MPH)
Batting: LHB Najeal Janssen 0-0: Fly out, F7 (Line Drive, 7, EV 93.1 MPH)
Batting: LHB Vince Key 0-0: Called Strike
0-1: Ball
1-1: Foul Ball, location: 2F
1-2: Foul Ball, location: 2F
1-2: Strikes out swinging
Bottom of the 2nd over - 0 runs, 0 hits, 0 errors, 0 left on base; Oregon State 1 - Long Beach State 0
TOP OF THE 3RD
Oregon State Beavers batting - Pitching for Long Beach State 49ers : RHP Phil Crutchfield
Batting: RHB Adrian Mellinger 0-0: DOUBLE (Flyball, 78XD, EV 98.1 MPH)
Batting: LHB Evan Garrettson 0-0: Ball
1-0: Foul Ball, location: 2F
1-1: Ball
2-1: Ball
3-1: Foul Ball, location: 2F
3-2: Fly out, F7 (Flyball, 7, EV 92.5 MPH)
Batting: RHB Theo Prochazka 0-0: Fly out, F7 (Line Drive, 7S, EV 88.1 MPH)
Batting: RHB Zane Sirignano 0-0: Swinging Strike
0-1: Swinging Strike
0-2: Ball
1-2: Strikes out swinging
Top of the 3rd over - 0 runs, 1 hit, 0 errors, 1 left on base; Oregon State 1 - Long Beach State 0
BOTTOM OF THE 3RD
Long Beach State 49ers batting - Pitching for Oregon State Beavers : RHP Jaden McCagg
Batting: SHB Desi Madden 0-0: Ground out 4-3 (Groundball, 4, EV 105.6 MPH)
Batting: RHB Dick Fendley 0-0: Ground out 5-3 (Groundball, 5, EV 87.5 MPH)
Batting: RHB Taylor Hughes 0-0: Called Strike
0-1: Swinging Strike
0-2: Ball
1-2: Strikes out looking
Bottom of the 3rd over - 0 runs, 0 hits, 0 errors, 0 left on base; Oregon State 1 - Long Beach State 0
TOP OF THE 4TH
Oregon State Beavers batting - Pitching for Long Beach State 49ers : RHP Phil Crutchfield
Batting: RHB Mike Walton 0-0: Called Strike
0-1: Fly out, F7 (Line Drive, 7S, EV 96.9 MPH)
Batting: LHB Cole Williams 0-0: Ball
1-0: Ball
2-0: Called Strike
2-1: Ground out 5-3 (Groundball, 56S, EV 71.9 MPH)
Batting: RHB Karsten Holland 0-0: Ground out 6-3 (Groundball, 6D, EV 101.9 MPH)
Top of the 4th over - 0 runs, 0 hits, 0 errors, 0 left on base; Oregon State 1 - Long Beach State 0
BOTTOM OF THE 4TH
Long Beach State 49ers batting - Pitching for Oregon State Beavers : RHP Jaden McCagg
Batting: LHB Harrison Cottrell 0-0: Ball
1-0: Ball
2-0: Ball
3-0: Called Strike
3-1: Fly out, F8 (Line Drive, 8LD, EV 86.2 MPH)
Batting: LHB Kellen Todd 0-0: Ball
1-0: Ball
2-0: Swinging Strike
2-1: Fly out, F8 (Line Drive, 8RM, EV 106.2 MPH)
Batting: RHB Jayson Artmann 0-0: Called Strike
0-1: Ground out 4-3 (Groundball, 4M, EV 101.9 MPH)
Bottom of the 4th over - 0 runs, 0 hits, 0 errors, 0 left on base; Oregon State 1 - Long Beach State 0
TOP OF THE 5TH
Oregon State Beavers batting - Pitching for Long Beach State 49ers : RHP Phil Crutchfield
Batting: SHB Shelton Kondo 0-0: Called Strike
0-1: Ball
1-1: DOUBLE (Groundball, 3L, EV 98.1 MPH)
Batting: RHB Cristian Davidson 0-0: Ball
1-0: Called Strike
1-1: Foul Ball, location: 2F
1-2: Ball
2-2: Ball
3-2: Fly out, F7 (Flyball, 7S, EV 85.0 MPH)
Batting: RHB Adrian Mellinger 0-0: Ball
Shelton Kondo is caught stealing 3rd base 2-5
1-0: SINGLE (Groundball, 4MS, EV 68.8 MPH) (infield hit)
Batting: LHB Evan Garrettson 0-0: Called Strike
0-1: Fly out, F7 (Flyball, 7, EV 95.0 MPH)
Top of the 5th over - 0 runs, 2 hits, 0 errors, 1 left on base; Oregon State 1 - Long Beach State 0
BOTTOM OF THE 5TH
Long Beach State 49ers batting - Pitching for Oregon State Beavers : RHP Jaden McCagg
Batting: RHB Ferd Chamberlain 0-0: Foul Ball, location: 2F
0-1: Swinging Strike
0-2: Ball
1-2: Ball
2-2: Foul Ball, location: 2F
2-2: Ball
3-2: Foul Ball, location: 2F
3-2: Foul Ball, location: 2F
3-2: Strikes out swinging
Batting: LHB Najeal Janssen 0-0: Ball
1-0: Foul Ball, location: 2F
1-1: Ball
2-1: Ball
3-1: Swinging Strike
3-2: Foul Ball, location: 2F
3-2: Strikes out swinging
Batting: LHB Vince Key 0-0: Called Strike
0-1: Ball
1-1: Ball
2-1: Fly out, F8 (Line Drive, 78M, EV 100.6 MPH)
Bottom of the 5th over - 0 runs, 0 hits, 0 errors, 0 left on base; Oregon State 1 - Long Beach State 0
TOP OF THE 6TH
Oregon State Beavers batting - Pitching for Long Beach State 49ers : RHP Phil Crutchfield
Batting: RHB Theo Prochazka 0-0: Ball
1-0: Ball
2-0: Called Strike
2-1: Ball
3-1: Foul Ball, location: 2F
3-2: Strikes out swinging
Batting: RHB Zane Sirignano 0-0: Foul Ball, location: 2F
0-1: Foul Ball, location: 2F
0-2: Strikes out looking
Batting: RHB Mike Walton 0-0: Ball
1-0: Ball
2-0: Ball
3-0: Called Strike
3-1: Called Strike
3-2: Base on Balls
Batting: LHB Cole Williams 0-0: Ball
1-0: Ball
Mike Walton steals 2nd base
2-0: SINGLE (Flyball, 5D, EV 85.0 MPH)
Mike Walton to third
Runner from 3rd tries for Home, SAFE, throw by LF to home
Batting: RHB Karsten Holland 0-0: Swinging Strike
0-1: Ball
1-1: Ground out 5-3 (Groundball, 56S, EV 80.6 MPH)
Top of the 6th over - 1 run, 1 hit, 0 errors, 1 left on base; Oregon State 2 - Long Beach State 0
BOTTOM OF THE 6TH
Long Beach State 49ers batting - Pitching for Oregon State Beavers : RHP Jaden McCagg
Batting: SHB Desi Madden 0-0: Ball
1-0: Ball
2-0: Called Strike
2-1: Ball
3-1: Called Strike
3-2: Base on Balls
Batting: RHB Dick Fendley 0-0: Called Strike
0-1: Ball
1-1: Swinging Strike
1-2: Foul Ball, location: 2F
1-2: Ball
2-2: Foul Ball, location: 2F
2-2: Foul Ball, location: 2F
2-2: Ball
3-2: Strikes out looking
Batting: RHB Taylor Hughes 0-0: Ball
Desi Madden steals 2nd base
1-0: Ball
2-0: Fly out, F7 (Flyball, 78S, EV 91.9 MPH)
Batting: LHB Harrison Cottrell 0-0: Swinging Strike
0-1: Ball
1-1: Ball
2-1: Ball
3-1: Called Strike
3-2: Strikes out looking
Bottom of the 6th over - 0 runs, 0 hits, 0 errors, 1 left on base; Oregon State 2 - Long Beach State 0
TOP OF THE 7TH
Oregon State Beavers batting - Pitching for Long Beach State 49ers : RHP Phil Crutchfield
Batting: SHB Shelton Kondo 0-0: Ball
1-0: Called Strike
1-1: Ball
2-1: Ball
3-1: Called Strike
3-2: Foul Ball, location: 2F
3-2: Strikes out swinging
Pitching: RHP Telly McCollum
Batting: RHB Cristian Davidson 0-0: Ball
1-0: Ball
2-0: Foul Ball, location: 2F
2-1: Ball
3-1: Foul Ball, location: 2F
3-2: Fly out, F3 (Popup, 3, EV 60.6 MPH)
Batting: RHB Adrian Mellinger 0-0: Ball
1-0: Ball
2-0: Ball
3-0: Base on Balls
Batting: LHB Evan Garrettson 0-0: Ball
Adrian Mellinger is caught stealing 2nd base 2-6
Top of the 7th over - 0 runs, 0 hits, 0 errors, 0 left on base; Oregon State 2 - Long Beach State 0
BOTTOM OF THE 7TH
Long Beach State 49ers batting - Pitching for Oregon State Beavers : RHP Jaden McCagg
Batting: LHB Kellen Todd 0-0: Called Strike
0-1: Ball
1-1: Called Strike
1-2: Strikes out swinging
Batting: RHB Jayson Artmann 0-0: Ball
1-0: Called Strike
1-1: Foul Ball, location: 2F
1-2: SINGLE (Line Drive, 6D, EV 99.4 MPH)
Pitching: RHP Stephan Valenzuela
Batting: RHB Ferd Chamberlain 0-0: Foul Ball, location: 2F
0-1: Ball
1-1: Ball
2-1: SINGLE (Line Drive, 9LS, EV 110.6 MPH)
Jayson Artmann to second
Pinch Runner at 2nd Riley Mason:
Batting: LHB Najeal Janssen 0-0: Called Strike
0-1: Ball
1-1: Swinging Strike
1-2: Ball
2-2: Fielders Choice at 2nd, 3-6 (Groundball, 3, EV 104.4 MPH)
Riley Mason to third
Batting: LHB Vince Key 0-0: SINGLE (Line Drive, 89S, EV 91.2 MPH)
Riley Mason scores
Najeal Janssen to second
Runner from 2nd tries for 3rd, SAFE, no throw by RF
Batting: SHB Desi Madden 0-0: Ball
1-0: Fly out, F7 (Flyball, 7, EV 97.5 MPH)
Bottom of the 7th over - 1 run, 3 hits, 0 errors, 2 left on base; Oregon State 2 - Long Beach State 1
TOP OF THE 8TH
Oregon State Beavers batting - Pitching for Long Beach State 49ers : RHP Telly McCollum
Batting: LHB Evan Garrettson 0-0: SINGLE (Flyball, 7S, EV 91.9 MPH)
Batting: RHB Theo Prochazka 0-0: Called Strike
Evan Garrettson is caught stealing 2nd base 2-4
0-1: Foul Ball, location: 2F
0-2: Ball
1-2: Ground out 5-3 (Groundball, 56, EV 99.4 MPH)
Batting: RHB Zane Sirignano 0-0: SINGLE (Flyball, 4D, EV 86.2 MPH)
Batting: RHB Mike Walton 0-0: Ball
1-0: Ball
2-0: Ball
3-0: Called Strike
3-1: SINGLE (Groundball, 4MD, EV 106.2 MPH)
Zane Sirignano to second
Runner from 2nd tries for 3rd, SAFE, throw by CF made to third
Batting: LHB Cole Williams 0-0: Called Strike
0-1: Ball
1-1: Ball
2-1: Ball
3-1: Swinging Strike
3-2: Ground out 6-3 (Groundball, 6, EV 86.9 MPH)
Top of the 8th over - 0 runs, 3 hits, 0 errors, 2 left on base; Oregon State 2 - Long Beach State 1
BOTTOM OF THE 8TH
Long Beach State 49ers batting - Pitching for Oregon State Beavers : RHP Stephan Valenzuela
Pinch Hitting: RHB Zachery Alexander 0-0: Called Strike
0-1: Ball
1-1: Ball
2-1: SINGLE (Flyball, 8RS, EV 92.5 MPH)
Batting: RHB Taylor Hughes 0-0: Swinging Strike
0-1: Sac Bunt to 5S - play at first, batter OUT! 5-3
Zachery Alexander to second
Pitching: RHP T.J. Hackett
Batting: LHB Harrison Cottrell 0-0: Ball
1-0: Ball
2-0: Foul Ball, location: 2F
2-1: Fly out, F8 (Flyball, 8RM, EV 95.0 MPH)
Batting: LHB Kellen Todd 0-0: Ball
1-0: Called Strike
1-1: Ball
2-1: Fly out, F8 (Flyball, 8LM, EV 91.2 MPH)
Bottom of the 8th over - 0 runs, 1 hit, 0 errors, 1 left on base; Oregon State 2 - Long Beach State 1
TOP OF THE 9TH
Oregon State Beavers batting - Pitching for Long Beach State 49ers : RHP Telly McCollum
Now at 3B: Joey Starkey
Batting: RHB Karsten Holland 0-0: Called Strike
0-1: Ball
1-1: Swinging Strike
1-2: SINGLE (Flyball, 3D, EV 88.8 MPH)
Batting: SHB Shelton Kondo 0-0: Sac Bunt to 3S - play at first, batter OUT! 3-4
Karsten Holland to second
Pinch Hitting: LHB Al Dunlap 0-0: Intentional Walk
Batting: RHB Adrian Mellinger 0-0: Ball
1-0: Swinging Strike
1-1: Ball
2-1: Foul Ball, location: 2F
2-2: Ball
3-2: Foul Ball, location: 2F
3-2: Grounds into double play, 6-4-3 (Groundball, 6, EV 83.1 MPH)
Top of the 9th over - 0 runs, 1 hit, 0 errors, 1 left on base; Oregon State 2 - Long Beach State 1
BOTTOM OF THE 9TH
Long Beach State 49ers batting - Pitching for Oregon State Beavers : RHP T.J. Hackett
Pitching: LHP Jamail Black
Now at C: Garland Soma
Batting: RHB Riley Mason 0-0: Ball
1-0: Ball
2-0: Called Strike
2-1: Ball
3-1: Base on Balls
Batting: RHB Ferd Chamberlain 0-0: Ball
1-0: Ball
2-0: Called Strike
2-1: Ball
3-1: Fly out, F7 (Flyball, 78M, EV 78.1 MPH)
Pinch Hitting: RHB Sean Burns 0-0: SINGLE (Groundball, 6MD, EV 105.0 MPH)
Riley Mason to second
Runner from 2nd tries for 3rd, SAFE, throw by CF made to third
Batting: LHB Vince Key 0-0: Called Strike
0-1: Foul Ball, location: 2F
0-2: Ball
1-2: Ball
2-2: Strikes out swinging
Batting: SHB Desi Madden 0-0: Ball
1-0: Ball
2-0: Ball
3-0: Base on Balls
Sean Burns to second
Batting: RHB Joey Starkey 0-0: Called Strike
0-1: Ground out U3 (Groundball, 3L, EV 102.5 MPH)
Bottom of the 9th over - 0 runs, 1 hit, 0 errors, 3 left on base; Oregon State 2 - Long Beach State 1
Wednesday, April 17th , 2024 - OOTP Baseball 23.10 Build 110